 Dungeon Sprint DCSS version 0.21.2 (webtiles) character file.

32613 Fang the Executioner (level 13, -9/162 HPs)
             Began as a Gargoyle Berserker on Sept 27, 2018.
             Was the Champion of Trog.
             Mangled by a minotaur (24 damage)
             ... in the Dungeon (Sprint VII: "The Pits").
             The game lasted 00:09:34 (4387 turns).

Fang the Executioner (Gargoyle Berserker)           Turns: 4387, Time: 00:09:35

Health: -9/162     AC: 17    Str: 31    XL:     13   Next: 65%
Magic:  13/13      EV: 17    Int: 14    God:    Trog [******]
Gold:   18         SH:  0    Dex: 12    Spells: 12/12 levels left

rFire    + . .     SeeInvis .   o - +2 battleaxe of the Penguin {chop, *Rage rC+ MR+++ Dex+3}
rCold    + . .     Gourm    .   (shield currently unavailable)
rNeg     + . .     Faith    .   b - +1 leather armour of Benkag {rF+ Slay+3}
rPois    ∞         Spirit   .   x - +2 hat
rElec    +         Reflect  .   (no cloak)
rCorr    .         Harm     .   (no gloves)
MR       +++..     Rnd*Rage +   (no boots) Stlth ..........NoTele +
                                (no amulet)
HPRegen  0.37/turn              q - +3 ring of intelligence
MPRegen  0.13/turn              s - +3 ring of intelligence

@: berserking (expiring), slowed
A: horns 1, berserk 1, negative energy resistance 1, robust 1, electricity
resistance, unbreathing, petrification resistance, rot immunity, AC +9
a: Berserk, Trog's Hand, Brothers in Arms, Burn Spellbooks, Renounce Religion


You were in the Dungeon.
You worshipped Trog.
Trog was exalted by your worship.
You were not hungry.

You visited 1 branch You collected 18 gold pieces.

Inventory:

Hand Weapons
 n - a +1 hand axe of chopping
 o - the +2 battleaxe of the Penguin (weapon) {chop, *Rage rC+ MR+++ Dex+3}
   (Trog gifted it to you in the Dungeon)

   It inflicts extra damage upon your enemies.
   It affects your dexterity (+3).
   It protects you from cold.
   It affects your resistance to hostile enchantments.
   It may make you go berserk in combat.
 p - a +4 broad axe of electrocution
 u - a +2 war axe of freezing
 v - a +6 battleaxe of flaming
 y - a +3 executioner's axe of venom
 B - a +9 antimagic hand axe
 G - the +3 executioner's axe "Riroy" {vamp, rPois rN+ Str+4}
   (Trog gifted it to you in the Dungeon)

   It inflicts no extra harm, but heals its wielder when it wounds a living foe.
   It affects your strength (+4).
   It protects you from poison.
   It protects you from negative energy.
Missiles
 m - 4 javelins of returning (quivered)
Armour
 b - the +1 leather armour of Benkag (worn) {rF+ Slay+3}
   (You found it in the Dungeon)

   It affects your accuracy and damage with ranged weapons and melee attacks
   (+3).
   It protects you from fire.
 x - a +2 hat (worn)
 A - a +2 plate armour of magic resistance
Jewellery
 q - a +3 ring of intelligence (left hand)
 s - a +3 ring of intelligence (right hand)
 C - an uncursed ring of positive energy
Scrolls
 i - a scroll of blinking
 k - 6 scrolls of remove curse
 l - a scroll of summoning
 z - 3 scrolls of fear
 F - a scroll of identify
Potions
 a - 2 potions of invisibility
 d - 6 potions of curing
 e - 12 potions of heal wounds
 f - 3 potions of haste
 g - 4 potions of magic
 h - 4 potions of berserk rage
 j - 3 potions of brilliance
 r - a potion of might
 t - 3 potions of agility
 w - 2 potions of cancellation
Comestibles
 c - 7 rations


   Skills:
 + Level 18.9 Fighting
 + Level 22.1 Axes
 + Level 12.8 Armour
 + Level 10.1 Dodging
 + Level 5.8 Stealth


You had 12 spell levels left.
You didn't know any spells.

Dungeon Overview and Level Annotations

Branches:
Dungeon (1/1)

Altars:
Ashenzari
Cheibriados
Dithmenos
Elyvilon
Fedhas
Gozag
Hepliaklqana
Kikubaaqudgha
Makhleb
Nemelex Xobeh
Okawaru
Qazlal
Ru
Sif Muna
Trog
Uskayaw
Vehumet
Wu Jian
Xom
Yredelemnul
Zin
The Shining One
Beogh
Jiyva
Lugonu


Innate Abilities, Weirdness & Mutations

You are resistant to torment.
Your stone body is resilient. (AC +9)
You are immune to poison.
You resist negative energy. (rN+)
You are resistant to electric shocks. (rElec)
You can survive without breathing.
You are immune to petrification.
You are immune to rotting.
You have a pair of small horns on your head.
You tend to lose your temper in combat.
You are robust. (+10% HP)


Message History

a longbow; 37 arrows; a leather armour; an elf corpse You carve the Brimstone Fiend like a ham!!!
You headbutt the Brimstone Fiend!
The Brimstone Fiend is severely wounded.
You miss the Tzitzimitl. You slice the minotaur!!
Unknown command.
You slice the Brimstone Fiend!!
The Brimstone Fiend is almost dead.
You barely miss the minotaur. You slash the Tzitzimitl!
The Brimstone Fiend barely misses you. The Brimstone Fiend hits you.
* * * LOW HITPOINT WARNING * * *
The Brimstone Fiend hits you.
* * * LOW HITPOINT WARNING * * *
The Tzitzimitl engulfs you!
* * * LOW HITPOINT WARNING * * *
The Tzitzimitl drains your vigour!
You feel yourself slow down. The Tzitzimitl bites you.
* * * LOW HITPOINT WARNING * * *
The minotaur hits you!!
You die...

#+#
##.##
#.1.#
+H11#
#@#
#(#
#T#
#'#
#.#
#)#
#.#
#[#
#.#


You could see a Tzitzimitl, a Brimstone Fiend, a minotaur, an Executioner and a
friendly iron troll (berserk).

Vanquished Creatures
  An ancient lich (D)
  A pearl dragon (D)
  A Hell Sentinel (D)
  A deep elf master archer (D)
  Gastronok (D)
  A draconian monk (D)
  An angel (D)
  Snorg (D)
  A minotaur (D)
  A fire dragon (D)
  Erolcha (D)
  A hydra (D)
  2 merfolk avatars (D)
  2 alligators (D)
  An alligator snapping turtle (D)
  A shadow wraith (D)
  A wizard (D)
  A sea snake (D)
  A lindwurm (D)
  An orc sorcerer (D)
  An orc knight (D)
  A cyclops (D)
  A black mamba (D)
  A polar bear (D)
  A bog body (D)
  A snapping turtle (D)
  13 dream sheep (D)
  A vampire (D)
  2 redbacks (D)
  A flying skull (D)
  A basilisk (D)
  6 vampire mosquitoes (D)
  2 floating eyes (D)
  A swamp drake (D)
  A sky beast (D)
  A necrophage (D)
  2 eyes of draining (D)
  2 wolves (D)
  2 ogres (D)
  A crocodile (D)
  2 gnoll sergeants (D)
  A big kobold (D)
  2 bullfrogs (D)
  A small abomination (D)
  2 scorpions (D)
  5 killer bees (D)
  A crimson imp (D)
  3 orc priests (D)
  2 orc wizards (D)
  An iguana (D)
  A mummy (D)
  8 gnolls (D)
  An adder (D)
  2 river rats (D)
  An ooze (D)
  19 orcs (D)
  A hobgoblin (D)
  5 jackals (D)
  A quokka (D)
  3 bats (D)
  2 frilled lizards (D)
  A rat (D)
129 creatures vanquished.

Vanquished Creatures (collateral kills)
  A deep elf annihilator (D)
  An orc knight (D)
  A hellion (D)
  A spiny frog (D)
  3 blink frogs (D)
  An orc (D)
8 creatures vanquished.

Grand Total: 137 creatures vanquished

Notes
Turn   | Place    | Note
-------+----------+-------------------------------------------
     0 | D        | Fang the Gargoyle Berserker began the quest for the Orb.
     0 | D        | Reached XP level 1. HP: 14/14 MP: 1/1
    15 | D        | Reached skill level 3 in Axes
    20 | D        | Found a bloodstained altar of Trog.
    20 | D        | Found a deep blue altar of Sif Muna.
    20 | D        | Found a viscous altar of Jiyva.
    20 | D        | Found a hazy altar of Hepliaklqana.
    20 | D        | Found an opulent altar of Gozag.
    21 | D        | Found a glowing golden altar of the Shining One.
    21 | D        | Found a glowing silver altar of Zin.
    21 | D        | Found a basalt altar of Yredelemnul.
    21 | D        | Found a shimmering altar of Xom.
    21 | D        | Found an ornate altar of the Wu Jian Council.
    21 | D        | Found a sacrificial altar of Ru.
    21 | D        | Found a stormy altar of Qazlal.
    21 | D        | Found an iron altar of Okawaru.
    21 | D        | Found a sparkling altar of Nemelex Xobeh.
    21 | D        | Found a burning altar of Makhleb.
    21 | D        | Found a blossoming altar of Fedhas.
    21 | D        | Found a white marble altar of Elyvilon.
    21 | D        | Found a shadowy altar of Dithmenos.
    21 | D        | Found a snail-covered altar of Cheibriados.
    23 | D        | Found a radiant altar of Vehumet.
    23 | D        | Found a corrupted altar of Lugonu.
    23 | D        | Found a roughly hewn altar of Beogh.
    70 | D        | Reached ** piety under Trog
    70 | D        | Reached XP level 2. HP: 4/20 MP: 2/2
   342 | D        | Reached *** piety under Trog
   342 | D        | Reached skill level 5 in Fighting
   399 | D        | Reached **** piety under Trog
   399 | D        | Reached XP level 3. HP: 24/26 MP: 3/3
   401 | D        | Reached skill level 4 in Axes
   410 | D        | Received a gift from Trog
   410 | D        | Reached skill level 5 in Axes
   410 | D        | Reached XP level 4. HP: 21/32 MP: 4/4
   412 | D        | Reached ***** piety under Trog
   591 | D        | Noticed an ogre
   592 | D        | Noticed a necrophage
   592 | D        | Noticed a flying skull
   603 | D        | Killed a necrophage
   603 | D        | Reached skill level 6 in Axes
   603 | D        | Reached skill level 1 in Stealth
   603 | D        | Reached XP level 5. HP: 38/38 MP: 5/5
   609 | D        | Killed a flying skull
   609 | D        | Reached skill level 8 in Axes
   609 | D        | Reached XP level 6. HP: 45/45 MP: 6/6
   624 | D        | Reached skill level 5 in Dodging
   630 | D        | Reached skill level 9 in Axes
   828 | D        | Reached ****** piety under Trog
   828 | D        | Reached XP level 7. HP: 49/52 MP: 7/7
   853 | D        | Received a gift from Trog
   864 | D        | Reached skill level 10 in Fighting
   864 | D        | Reached skill level 5 in Armour
   973 | D        | Noticed a cyclops
   976 | D        | Reached skill level 10 in Axes
   981 | D        | Killed a cyclops
   981 | D        | Received a gift from Trog
   981 | D        | Reached skill level 11 in Axes
   981 | D        | Reached XP level 8. HP: 59/59 MP: 8/8
  1105 | D        | Gained mutation: You are robust. (+10% HP) [potion of mutation]
  1105 | D        | Gained mutation: You tend to lose your temper in combat. [potion of mutation]
  1105 | D        | Gained mutation: You have a pair of small horns on your head. [potion of mutation]
  1197 | D        | Found a hide-covered altar of Uskayaw.
  1197 | D        | Found an ancient bone altar of Kikubaaqudgha.
  1197 | D        | Found a shattered altar of Ashenzari.
  1240 | D        | Noticed a sea snake
  1240 | D        | Noticed a black mamba
  1245 | D        | Killed a sea snake
  1245 | D        | Reached skill level 12 in Axes
  1247 | D        | Killed a black mamba
  1247 | D        | Reached XP level 9. HP: 57/70 MP: 9/9
  1402 | D        | Received a gift from Trog
  1402 | D        | Reached skill level 13 in Axes
  1407 | D        | Reached skill level 14 in Axes
  1409 | D        | Received a gift from Trog
  1425 | D        | Got an encrusted battleaxe {god gift}
  1445 | D        | Identified the +2 battleaxe of the Penguin {chop, *Rage rC+ MR+++ Dex+3} (Trog gifted it to you in the Dungeon)
  1472 | D        | Reached XP level 10. HP: 79/79 MP: 10/10
  1485 | D        | Reached skill level 15 in Axes
  1487 | D        | Received a gift from Trog
  1488 | D        | Reached skill level 10 in Armour
  1494 | D        | Killed a shadow wraith
  1497 | D        | Noticed a spiny frog
  1501 | D        | Received a gift from Trog
  1504 | D        | Noticed an orc knight
  1508 | D        | Killed a spiny frog
  1509 | D        | Killed an orc knight
  1509 | D        | Reached skill level 16 in Axes
  1847 | D        | Noticed an orc knight
  1847 | D        | Noticed an alligator
  1847 | D        | Noticed an alligator
  1848 | D        | Noticed an orc sorcerer
  1849 | D        | Noticed Gastronok
  1852 | D        | Killed an alligator
  1852 | D        | Reached XP level 11. HP: 86/86 MP: 11/11
  1853 | D        | Received a gift from Trog
  1856 | D        | Killed an alligator
  1864 | D        | Killed an orc sorcerer
  1864 | D        | Reached skill level 17 in Axes
  1868 | D        | Received a gift from Trog
  1874 | D        | Killed Gastronok
  1876 | D        | Killed an orc knight
  1879 | D        | Got the cursed +1 leather armour of Benkag {rF+ Slay+3}
  2215 | D        | Received a gift from Trog
  2229 | D        | Received a gift from Trog
  2229 | D        | Reached skill level 15 in Fighting
  2230 | D        | Reached skill level 18 in Axes
  2236 | D        | Received a gift from Trog
  2237 | D        | Noticed Erolcha
  2245 | D        | Killed Erolcha
  2245 | D        | Received a gift from Trog
  2345 | D        | Noticed a lindwurm
  2345 | D        | Noticed a four-headed hydra
  2353 | D        | Killed a seven-headed hydra
  2353 | D        | Reached XP level 12. HP: 87/96 MP: 7/12
  2657 | D        | Reached skill level 19 in Axes
  2701 | D        | Noticed a merfolk avatar
  2708 | D        | Killed a merfolk avatar
  2708 | D        | Received a gift from Trog
  2837 | D        | Noticed Snorg
  2850 | D        | Killed Snorg
  3052 | D        | Noticed a minotaur
  3060 | D        | Killed a minotaur
  3068 | D        | Received a gift from Trog
  3071 | D        | Got a pitted executioner's axe {god gift}
  3248 | D        | Noticed an alligator snapping turtle
  3248 | D        | Noticed a merfolk avatar
  3261 | D        | Killed a merfolk avatar
  3261 | D        | Killed an alligator snapping turtle
  3261 | D        | Reached skill level 20 in Axes
  3458 | D        | Identified the +3 executioner's axe "Riroy" {vamp, rPois rN+ Str+4} (Trog gifted it to you in the Dungeon)
  3464 | D        | Noticed an ancient lich
  3470 | D        | Killed an ancient lich
  3470 | D        | Received a gift from Trog
  3470 | D        | Reached skill level 5 in Stealth
  3520 | D        | Reached XP level 13. HP: 22/105 MP: 13/13
  3746 | D        | Noticed a pearl dragon
  3755 | D        | Killed a pearl dragon
  3755 | D        | Reached skill level 21 in Axes
  4073 | D        | Noticed a red draconian monk
  4091 | D        | Killed a red draconian monk
  4170 | D        | Noticed a Hell Sentinel
  4174 | D        | Killed a Hell Sentinel
  4321 | D        | Noticed a fire dragon
  4327 | D        | Killed a fire dragon
  4365 | D        | Noticed an Executioner
  4365 | D        | Noticed a deep elf annihilator
  4365 | D        | Noticed a Tzitzimitl
  4365 | D        | Noticed a minotaur
  4365 | D        | Noticed a Brimstone Fiend
  4365 | D        | Noticed an angel
  4365 | D        | Noticed a deep elf master archer
  4380 | D        | Killed an angel
  4380 | D        | Received a gift from Trog
  4383 | D        | Killed a deep elf annihilator
  4384 | D        | Killed a deep elf master archer
  4384 | D        | Reached skill level 22 in Axes
  4384 | D        | Reached skill level 10 in Dodging
  4387 | D        | Mangled by a minotaur

Skill      XL: |  1  2  3  4  5  6  7  8  9 10 11 12 13 |
---------------+----------------------------------------+-----
Axes           | 3 5 6 8 9 11 12 14 16 18 20 22 | 22.1
Fighting       | 4 5 7 8 9 10 11 12 13 15 17 18 | 18.9
Dodging        | 2 3 4 5 6 7 8 10 | 10.1
Armour         | 3 4 6 7 9 11 12 | 12.8
Stealth        | 1 2 3 4 5 |  5.8

Action                   |  1- 3 |  4- 6 |  7- 9 | 10-12 | 13-15 || total
-------------------------+-------+-------+-------+-------+-------++-------
Melee: Hand axe          |    31 |    35 |    10 |       |       ||    76
       Broad axe         |       |       |    31 |       |       ||    31
       Battleaxe         |       |       |     3 |   111 |    50 ||   164
       Headbutt          |       |       |     3 |    29 |    12 ||    44
       Executioner's axe |       |       |       |    21 |       ||    21
Invok: Berserk           |     1 |     1 |     3 |     5 |     5 ||    15
       Brothers in Arms  |       |       |       |     3 |     1 ||     4
  Use: Potion            |       |       |     1 |     1 |     1 ||     3
       Scroll            |       |       |       |     6 |       ||     6
 Stab: Confused          |       |       |     1 |       |       ||     1
  Eat: Chunk             |       |     2 |     5 |    11 |       ||    18
       Ration            |       |       |       |       |     3 ||     3
Armor: Animal skin       |    17 |       |       |       |       ||    17
       Chain mail        |       |    11 |     7 |       |       ||    18
       Plate armour      |       |       |    12 |    39 |       ||    51
       Leather armour    |       |       |       |    26 |    17 ||    43
Dodge: Dodged            |    28 |    15 |    15 |    99 |    19 ||   176
